AoeStats
← Samta

Arabia

510131724Analyzed
1v1 RM · 1d ago on Sep 29, 2026· 71m 10s· 2 players
Game mode
Random Map
Map size
Tiny (2 player)
Population
200
Speed
Normal
Resources
Standard
Victory
Conquest
Starting age
Dark Age
Ending age
Imperial Age
RankedLock teamsTeams togetherTeam positionsShared explorationLock speedFull tech treeHidden civsTurbo modeCheats
Victory
Defeat
🇩🇪 Lithuanians · Germany
1142
+15
🇬🇧 Franks · United Kingdom
1131
-15
Samta
7:57 Loom
10:55 Feudal Age
12:14 Double-Bit Axe
21:00 Castle Age
20:15 Wheelbarrow
20:44 Forging
21:08 Pikeman
22:34 Scale Mail Armor
23:33 Bow Saw
24:27 Gold Mining
28:25 Iron Casting
35:54 Imperial Age
36:06 Fortified Wall
37:40 Chemistry
37:17 Hand Cart
36:39 Halberdier
38:53 Gold Shaft Mining
38:58 Squires
41:27 Fletching
41:37 Padded Archer Armor
41:54 Chain Mail Armor
42:40 Blast Furnace
41:35 Fletching
43:09 Plate Mail Armor
42:33 Fletching
44:24 Onager
44:50 Cranequins
46:28 Stone Mining
47:02 Conscription
46:12 Ordonnance Companies
47:30 Ballistics
47:13 Padded Archer Armor
47:10 Bodkin Arrow
47:44 Heavy Mounted Crossbowman
52:59 Capped Ram
61:55 Leather Archer Armor
61:48 Scale Barding Armor
61:08 Elite Throwing Axeman
64:59 Husbandry
h1dr00n
6:09 Loom
9:23 Feudal Age
9:56 Double-Bit Axe
11:01 Horse Collar
16:12 Wheelbarrow
19:19 Castle Age
18:09 Bloodlines
18:18 Forging
18:49 Gold Mining
19:07 Scale Barding Armor
24:32 Heavy Plow
25:07 Stone Mining
26:53 Chain Barding Armor
28:25 Iron Casting
33:44 Imperial Age
33:12 Fletching
34:20 Cavalier
36:55 Plate Barding Armor
36:16 Bodkin Arrow
36:11 Pikeman
38:11 Chemistry
37:59 Hand Cart
38:42 Halberdier
39:43 Bracer
39:48 Padded Archer Armor
42:51 Conscription
42:32 Town Watch
43:39 Stone Shaft Mining
45:34 Thumb Ring
45:51 Leather Archer Armor
45:01 Paladin
46:16 Town Patrol
50:07 Elite Skirmisher
54:06 Ring Archer Armor
53:56 Block Printing
54:03 Sanctity
53:31 Capped Ram
57:56 Redemption
58:03 Redemption
64:16 Fortified Wall
70:08 Husbandry
Connection lost

Rejoining the realm…

Still unreachable

The connection could not be restored.

Session expired

The server has moved on; the page needs a fresh start.